 Dungeon Crawl Stone Soup version 0.29-a0-322-g68df515428 (webtiles) character file.

Game seed: 10599784138761879338

11 testman the Chiller (level 2, -6/19 HPs)
             Began as a Merfolk Ice Elementalist on Apr 6, 2022.
             Mangled by Terence
             ... wielding a +0 flail
              (8 damage)
             ... on level 2 of the Dungeon.
             The game lasted 00:02:25 (857 turns).

testman the Chiller (Merfolk Ice Elementalist)       Turns: 857, Time: 00:02:25

Health: -6/19      AC:  2    Str:  8    XL:     2   Next: 25%
Magic:  2/5        EV: 12    Int: 14    God:
Gold:   77         SH:  0    Dex: 14    Spells: 4/5 levels left

rFire   . . .      SeeInvis .   i - +0 dagger
rCold   . . .      Faith    .   (no shield)
rNeg    . . .      Spirit   .   a - +0 robe
rPois   .          Reflect  .   (no helmet)
rElec   .          Harm     .   (no cloak)
rCorr   .          Rampage  .   (no gloves)
Will    .....                   (no boots)
Stlth   ++........              (no amulet)
HPRegen 0.06/turn               (no ring)
MPRegen 0.09/turn               (no ring)

@: no status effects
A: (nimble swimmer 2), mertail
a: no special abilities


You were on level 2 of the Dungeon.
You visited 1 branch of the dungeon, and saw 2 of its levels.

You collected 77 gold pieces.

Inventory:

Hand Weapons
 c - a +0 whip
 i - a +0 dagger (weapon)
Missiles
 h - 6 poisoned darts
Armour
 a - a +0 robe (worn)
Magical Staves
 j - a staff of conjuration
Scrolls
 d - a scroll of noise {unknown}
 e - 2 scrolls of identify {unknown}
 f - a scroll of teleportation {unknown}
 k - a scroll of fear {unknown}
Potions
 b - a potion of magic
 g - a potion of degeneration {unknown}


   Skills:
 - Level 2.6 Dodging
 - Level 2.1 Stealth
 + Level 2.3 Spellcasting
 + Level 4.7 Ice Magic


You had 4 spell levels left.
You knew the following spells:

 Your Spells              Type           Power      Damage    Failure   Level
a - Freeze                Ice            56%        1d7       3%          1

Your spell library contained the following spells:

 Spells                   Type           Power      Damage    Failure   Level
 Frozen Ramparts          Ice            28%        1d4       10%         3
 Ozocubu's Armour         Ice            14%        N/A       10%         3
 Hailstorm                Conj/Ice       8%         3d4       65%         4
 Passage of Golubria      Tloc           1%         N/A       92%         4
 Silence                  Hex/Air        0%         N/A       99%         5
 Lehudib's Crystal Spear  Conj/Erth      0%         10d2      100%        8


Dungeon Overview and Level Annotations

Branches:
Dungeon (2/15)

Altars:

Annotations:
D:2 Terence


Innate Abilities, Weirdness & Mutations

((You are very nimble when in or above water. (Stealth+, EV+, Speed+++)))
Your lower body shifts to a powerful aquatic tail in water.


Message History

A hobgoblin comes into view.
Found a stone staircase leading down.
The hobgoblin shouts!
You hear a shout!
Terence the Incautious comes into view.
He is wielding a +0 flail.
The hobgoblin misses you.
You barely miss the hobgoblin. The hobgoblin barely misses you.
You closely miss the hobgoblin. The hobgoblin closely misses you.
You hit the hobgoblin.
The hobgoblin is moderately wounded.
Terence shouts, "DIE!!!"
The hobgoblin hits you.
You hit the hobgoblin.
The hobgoblin is heavily wounded.
The hobgoblin hits you.
You hit the hobgoblin but do no damage.
The hobgoblin is heavily wounded.
The hobgoblin hits you but does no damage.
You hit the hobgoblin.
You kill the hobgoblin!
Aiming: Freeze (safe; 3% risk of failure)
Press: ? - help, Q - select action, (/) - cycle Shift-Dir - straight line, f - Terence
Aim: Terence, wielding a +0 flail and wearing a +0 ring mail You freeze Terence.
Terence is lightly wounded.
Terence hits you with a +0 flail.
Aiming: Freeze (safe; 3% risk of failure)
Press: ? - help, Q - select action, (/) - cycle Shift-Dir - straight line, f/p - Terence
Aim: Terence, wielding a +0 flail and wearing a +0 ring mail (lightly wounded)
You freeze Terence.
Terence is moderately wounded.
Terence hits you with a +0 flail!
Ouch! That really hurt!
* * * LOW HITPOINT WARNING * * *
Aiming: Freeze (safe; 3% risk of failure)
Press: ? - help, Q - select action, (/) - cycle Shift-Dir - straight line, f/p - Terence
Aim: Terence, wielding a +0 flail and wearing a +0 ring mail (moderately wounded)
You freeze Terence!
Terence is heavily wounded.
Terence hits you with a +0 flail!
You die...

###.# .... ... #..## ...##
#...#### #.>....###
######........
##...@@........
############..####........
.............## #........
############## #######.. #


You could see Terence.

Vanquished Creatures
  2 ball pythons (D:1)
  A goblin (D:1)
  2 hobgoblins
  A kobold (D:1)
  A quokka (D:1)
  A bat (D:1)
  A frilled lizard (D:1)
9 creatures vanquished.

Notes
Turn   | Place    | Note
-------+----------+-------------------------------------------
     0 | D:1      | testman the Merfolk Ice Elementalist began the quest for
                  | the Orb.
     0 | D:1      | Reached XP level 1. HP: 13/13 MP: 3/3
   522 | D:1      | Reached XP level 2. HP: 19/19 MP: 5/5
   846 | D:2      | Noticed Terence
   857 | D:2      | Mangled by Terence

Illustrated notes

Levels and vault maps discovered:
D:1:      matt_arrival_refuge, layout_rooms
D:2:      layout_rooms, nicolae_ecumenical_oubliette, grunt_ministairs_11,
          kennysheep_path_1, uniq_terence

Action                   || total
-------------------------++-------
Melee: Whip              ||    12
       Dagger            ||     6
 Cast: Freeze            ||    12
 Stab: Sleeping          ||     2
Armor: Robe              ||     9
Dodge: Dodged            ||    21

Table legend: (Time is in decaauts)
 A = Elapsed time spent in this place.
 B = Non-inter-level travel time spent in this place.
 C = Inter-level travel time spent in this place.
 D = Time resting spent in this place.
 E = Time spent auto-exploring this place.
 F = Levels seen in this place.
 G = Mean time per level.
                   A        B        C        D        E       F      G
               +--------+--------+--------+--------+--------+-----+--------+
         Total |    857 |    774 |     83 |    222 |    463 |   2 |  428.5 |
       Dungeon |    857 |    774 |     83 |    222 |    463 |   2 |  428.5 |
               +--------+--------+--------+--------+--------+-----+--------+

Top non-repeatable levels by time:
     D:1: 810 daAuts
     D:2: 46 daAuts
